 Dungeon Sprint DCSS version 0.17-a0-1778-gd369669 (webtiles) character file.

618 KambridgeKobold the Nimble (level 7, -3/61 HPs)
             Began as a Minotaur Monk on Sept 8, 2015.
             Was a Believer of Okawaru.
             Slain by a blue devil (9 damage)
             ... summoned by a kobold demonologist
             ... in the Dungeon (Sprint I: "Red Sonja").
             The game lasted 00:02:48 (823 turns).

KambridgeKobold the Nimble (Minotaur Monk)           Turns: 823, Time: 00:02:48

Health: -3/61      AC:  0    Str: 15    XL:     7   Next: 21%
Magic:  6/6        EV: 15    Int:  7    God:    Okawaru [**....]
Gold:   110        SH:  0    Dex: 15    Spells: 0 memorised, 6 levels left

rFire  . . .     SeeInvis .     m - +3 flail (crush)
rCold  . . .     Clarity  .     l - +0 scale mail
rNeg   . . .     SustAt   .     (no shield)
rPois  .         Gourm    .     (helmet restricted)
rElec  .         Spirit   .     (no cloak)
rCorr  .         Warding  .     (no gloves)
rMut   .         NoTele   +     (no boots)
MR     .....                    (no amulet)
Stlth  ..........               (no ring)
                                (no ring)

@: lethally poisoned (-3 -> -28), weakened, corroded equipment, not resistant to
hostile enchantments, extremely unstealthy
A: retaliatory headbutt, horns 2
a: Heroism, Renounce Religion


You were in the Dungeon.
You worshipped Okawaru.
Okawaru was pleased with you.
You were not hungry.

You visited 1 branch You collected 420 gold pieces.
You spent 310 gold pieces at shops.

Inventory:

Hand weapons
 k - a cursed +0 scythe
 m - a +3 flail of crushing (weapon)
Armour
 a - a +0 robe
 i - a +0 ring mail
 l - a +0 scale mail (worn)
Scrolls
 h - a scroll of blinking
Potions
 c - 2 potions of curing
 d - a potion of heal wounds
 e - a potion of haste
 f - 2 potions of magic
 g - a potion of berserk rage
Comestibles
 b - a bread ration


   Skills:
 - Level 5.0 Fighting
 + Level 5.0 Maces & Flails
 - Level 6.8 Polearms
 + Level 9.6 Armour
 - Level 10.3 Dodging
 - Level 1.5 Stealth
 - Level 8.1 Unarmed Combat


You had 6 spell levels left.
You didn't know any spells.

Dungeon Overview and Level Annotations

Branches:
Dungeon (1/1)

Altars:
Cheibriados
Dithmenos
Elyvilon
Fedhas
Gozag
Kikubaaqudgha
Makhleb
Nemelex Xobeh
Okawaru
Qazlal
Ru
Sif Muna
Trog
Vehumet
Xom
Yredelemnul
Zin
The Shining One
Jiyva

Shops:
D (


Innate Abilities, Weirdness & Mutations

You reflexively headbutt those who attack you in melee.
You have a pair of horns on your head.


Message History

Your headbutt misses the kobold demonologist.
The kobold demonologist is almost dead.
You feel very sick.
The orange demon disappears in a puff of smoke!
The sun demon disappears in a puff of smoke!
The blue devil hits you! The rust devil hits you. The rust devil corrodes you!
The kobold demonologist barely misses you.
You furiously retaliate!
You headbutt the kobold demonologist. The kobold demonologist misses you.
The blue devil hits you!
* * * LOW HITPOINT WARNING * * *
You closely miss the kobold demonologist.
The kobold demonologist is almost dead.
* * * LOW HITPOINT WARNING * * *
You feel very sick. The rust devil hits you. The rust devil corrodes you!
The kobold demonologist hits you but does no damage.
The kobold demonologist hits you with a dagger.
* * * LOW HITPOINT WARNING * * *
The blue devil hits you!
You die...

#####################
.)..#.['..#__#.4@K45#
.#..'..#..'..'.4#K5.#
###'#####'#__####5..+
##..#...#.#### ####
_####..##.#
..__##'#..+
.∩...'..._#
..._##_.#'#
____###+#.#


You could see a hellwing, a rust devil, 2 kobold demonologists, a blue devil, 2
shadow imps and an ufetubus.

Vanquished Creatures
  A slime creature (D)
  Sigmund (D)
  A yak (D)
  An ogre (D)
  Ijyb (D)
  A jelly (D)
  A giant eyeball (D)
7 creatures vanquished.

Notes
Turn   | Place    | Note
--------------------------------------------------------------
     0 | D        | KambridgeKobold the Minotaur Monk began the quest for the Orb.
     0 | D        | Reached XP level 1. HP: 19/19 MP: 0/0
     1 | D        | Noticed Ijyb
    25 | D        | Killed Ijyb
    25 | D        | Reached skill level 5 in Fighting
    25 | D        | Reached skill level 5 in Dodging
    25 | D        | Reached skill level 5 in Unarmed Combat
    25 | D        | Reached XP level 2. HP: 6/29 MP: 1/1
   290 | D        | Noticed an ogre
   295 | D        | Killed an ogre
   295 | D        | Reached skill level 7 in Dodging
   295 | D        | Reached XP level 3. HP: 36/36 MP: 2/2
   295 | D        | Reached XP level 4. HP: 42/42 MP: 3/3
   308 | D        | Noticed Sigmund
   325 | D        | Killed Sigmund
   325 | D        | Reached skill level 10 in Dodging
   325 | D        | Reached XP level 5. HP: 24/48 MP: 4/4
   481 | D        | Found a deep blue altar of Sif Muna.
   482 | D        | Noticed a jelly
   483 | D        | Found a radiant altar of Vehumet.
   487 | D        | Killed a jelly
   487 | D        | Reached skill level 1 in Polearms
   487 | D        | Reached XP level 6. HP: 50/56 MP: 5/5
   525 | D        | Found Okos's Weapon Emporium.
   525 | D        | Found a white marble altar of Elyvilon.
   525 | D        | Found a stormy altar of Qazlal.
   525 | D        | Found a burning altar of Makhleb.
   525 | D        | Found a sacrificial altar of Ru.
   525 | D        | Found a basalt altar of Yredelemnul.
   525 | D        | Found a glowing golden altar of the Shining One.
   525 | D        | Found a sparkling altar of Nemelex Xobeh.
   525 | D        | Found a shimmering altar of Xom.
   525 | D        | Found an opulent altar of Gozag.
   525 | D        | Found an ancient bone altar of Kikubaaqudgha.
   525 | D        | Found a glowing silver altar of Zin.
   525 | D        | Noticed a yak
   534 | D        | Killed a yak
   535 | D        | Found an iron altar of Okawaru.
   536 | D        | Found a bloodstained altar of Trog.
   540 | D        | Bought a +3 flail of crushing for 310 gold pieces
   553 | D        | Became a worshipper of Warmaster Okawaru
   553 | D        | Acquired Okawaru's first power
   674 | D        | Found a snail-covered altar of Cheibriados.
   674 | D        | Found a viscous altar of Jiyva.
   674 | D        | Found a shadowy altar of Dithmenos.
   674 | D        | Found a blossoming altar of Fedhas.
   674 | D        | Noticed a slime creature
   683 | D        | Killed a slime creature
   683 | D        | Reached XP level 7. HP: 38/61 MP: 6/6
   806 | D        | Noticed a kobold demonologist
   807 | D        | Noticed a kobold demonologist
   809 | D        | Noticed a hellwing
   809 | D        | Noticed an orange demon
   809 | D        | Reached skill level 5 in Maces & Flails
   811 | D        | Noticed a sun demon
   816 | D        | Noticed a blue devil
   821 | D        | Noticed a rust devil
   823 | D        | Slain by a blue devil

Vault maps used:
D:        dungeon_sprint_1

Action                   |  1- 3 |  4- 6 |  7- 9 || total
-------------------------+-------+-------+-------++-------
Melee: Unarmed           |    27 |    27 |       ||    54
       Flail             |       |     8 |    16 ||    24
